 Dungeon Crawl Stone Soup version 0.22-a0-379-ga9d99d6 (webtiles) character file.

125 iamserjio the Firebug (level 4, -3/30 HPs)
             Began as a Demonspawn Fire Elementalist on Apr 28, 2018.
             Slain by an iguana (13 damage)
             ... on level 2 of the Dungeon.
             The game lasted 00:09:25 (3495 turns).

iamserjio the Firebug (DsFE)                        Turns: 3495, Time: 00:09:26

Health: -3/30      AC:  9    Str:  9    XL:     4   Next: 82%
Magic:  0/8        EV: 12    Int: 17    God:
Gold:   70         SH:  0    Dex: 13    Spells: 5/9 levels left

rFire    . . .     SeeInvis .   h - +0 short sword
rCold    . . .     Gourm    .   (no shield)
rNeg     . . .     Faith    .   a - +1 robe
rPois    .         Spirit   +   (no helmet)
rElec    .         Reflect  .   (no cloak)
rCorr    .         Harm     .   (no gloves)
MR       .....                  (no boots)
Stlth    ++........             (no amulet)
HPRegen  0.10/turn              (no ring)
MPRegen  0.11/turn              (no ring)

@: lethally poisoned (-3 -> -4), sanguine armour, very slightly contaminated
A: claws 1, magic shield, sanguine armour 1
a: no special abilities


You were on level 2 of the Dungeon.
You were hungry.

You visited 1 branch of the dungeon, and saw 2 of its levels.

You collected 70 gold pieces.

Inventory:

Hand Weapons
 d - a +0 dagger
 h - a +0 short sword (weapon)
 j - a +0 club
 k - a +0 dagger of distortion
Missiles
 b - 152 stones (quivered)
Armour
 a - a +1 robe (worn)
Scrolls
 g - 2 scrolls of identify
 i - 2 scrolls of random uselessness
Comestibles
 c - 6 rations


   Skills:
 - Level 1.7 Dodging
 - Level 1.7 Stealth
 + Level 3.1 Spellcasting
 + Level 2.8 Conjurations
 + Level 3.6 Fire Magic


You had 5 spell levels left.
You knew the following spells:

 Your Spells              Type           Power        Failure   Level  Hunger
a - Flame Tongue          Conj/Fire      ##...        4%          1    None
b - Conjure Flame         Conj/Fire      ##......     14%         3    ###....


Dungeon Overview and Level Annotations

Branches:
Dungeon (2/15)

Altars:


Innate Abilities, Weirdness & Mutations

You have sharp fingernails.
When hurt, damage is shared between your health and your magic reserves.
When seriously injured, your bleeding wounds create armour. (AC +6)


Message History

You closely miss the iguana.
The iguana is severely wounded.
The iguana bites you!
Casting: Flame Tongue (safe; 4% risk of failure)
Confirm with . or Enter, or press ? or * to list all spells.
Aiming: Flame Tongue (safe; 4% risk of failure)
Press: ? - help, Shift-Dir - straight line, f/p - bat
Aim: a bat You miscast Flame Tongue.
You are very lightly contaminated with residual magic.
Your skin tingles.
The iguana barely misses you.
Casting: Flame Tongue (safe; 4% risk of failure)
Confirm with . or Enter, or press ? or * to list all spells.
Aiming: Flame Tongue (safe; 4% risk of failure)
Press: ? - help, Shift-Dir - straight line, f/p - bat
Aim: a bat The flame tongue hits the iguana.
The iguana appears unharmed.
The iguana is severely wounded.
The iguana bites you!
You die...

.#...# # ..... .
...##.# #.####...#.#
...........# #.<.#
##.## #.##.#########
#...bl@.......# #.#
#.##.########.# #.#
#. #.# #.# #.# ..
#.# ####.#######.#
#r #.# #..... .....#
# #.# #.##.# ##.##..
#.#####.##.###..##.#
#............g......
#..##.#g#..###..####


You could see an iguana and a bat.

Vanquished Creatures
  2 gnolls (D:2)
  4 adders (D:2)
  An ooze (D:1)
  A dart slug (D:1)
  An orc (D:2)
  2 giant cockroaches (D:2)
  3 goblins
  9 hobgoblins
  10 jackals
  4 kobolds
  2 quokkas (D:2)
  A ball python (D:2)
  8 bats
  3 frilled lizards
  6 rats
57 creatures vanquished.

Notes
Turn   | Place    | Note
-------+----------+-------------------------------------------
     0 | D:1      | iamserjio the Demonspawn Fire Elementalist began the quest for the Orb.
     0 | D:1      | Reached XP level 1. HP: 13/13 MP: 3/3
   335 | D:1      | Gained mutation: When hurt, damage is shared between your health and your magic reserves. [demonic ancestry]
   335 | D:1      | Reached XP level 2. HP: 19/19 MP: 1/5
  1380 | D:1      | Gained mutation: You have sharp fingernails. [demonic ancestry]
  1380 | D:1      | Reached XP level 3. HP: 16/24 MP: 1/6
  1781 | D:1      | Learned a level 3 spell: Conjure Flame
  2285 | D:2      | Gained mutation: When seriously injured, your bleeding wounds create armour. (AC +6) [demonic ancestry]
  2285 | D:2      | Reached XP level 4. HP: 16/30 MP: 0/8
  3495 | D:2      | Slain by an iguana

Vault maps used:
D:1:      tarquinn_simple_flora_water_d
D:2:      bh_chokoban, kennysheep_generic_room_4

Skill      XL: |  1  2  3  4 |
---------------+-------------+-----
Fire Magic     | 3 |  3.6
Conjurations   | 2 |  2.8
Spellcasting   | 3 |  3.1
Dodging        | |  1.7
Stealth        | |  1.7

Action                   |  1- 3 |  4- 6 || total
-------------------------+-------+-------++-------
Melee: Dagger            |    70 |       ||    70
       Short sword       |    14 |    23 ||    37
 Cast: Flame Tongue      |    65 |    45 ||   110
       Conjure Flame     |       |     2 ||     2
  Use: Scroll            |     3 |     2 ||     5
 Stab: Sleeping          |     1 |       ||     1
  Eat: Chunk             |     5 |     3 ||     8
Armor: Robe              |    23 |    15 ||    38
Dodge: Dodged            |    89 |    45 ||   134

Table legend:
 A = Spawn XP
 B = Non-spawn XP
 C = Spawn XP percentage of total XP
 D = Spawn monster count
 E = Non-spawn monster count
 F = Spawn count percentage of total count
 G = Total turns spent on level
                    A         B        C        D         E        F      G
               +---------+---------+-------+---------+---------+-------+---------
         Total |       0 |     179 |   0.0 |       0 |      57 |   0.0 |  3495
               +---------+---------+-------+---------+---------+-------+---------
           D:1 |       0 |      59 |   0.0 |       0 |      29 |   0.0 |  2622
           D:2 |       0 |     120 |   0.0 |       0 |      28 |   0.0 |   873
               +---------+---------+-------+---------+---------+-------+---------
